Unix NetHack Version 5.0.0-0 post-release - last build May  3 2026 23:40:34 (9823c992c0763bbd039eca2974112f46eaf799b3,branch:main).

Game began 2026-05-04 07:31:24, ended 2026-05-04 12:54:24.

GdeVolpiano, neutral female human Monk

                                 ----
                                 |..----------
                                 |^^...^@qk..|
                                 |^-----0....|
                                --^|   |.0...|
                                |.^----|0....|
                                |.^.^.<|.....|
                                |---------.---
                                |..--->---..|
                                |.0......0..|
                                |.0..----.0.|
                                |....|  |...|
                                ------  -----

GdeVolpiano the Initiate        St:16 Dx:16 Co:12 In:9 Wi:14 Ch:10  Neutral
Dlvl:7  $:97 HP:0(44) Pw:35(35) AC:2  Xp:6 T:2674  Hungry  

Latest messages:
 What do you want to zap? [qzA or ?*]
 Nothing happens.
 What do you want to zap? [qzA or ?*]
 Nothing happens.
 What do you want to zap? [qzA or ?*]
 Nothing happens.
 What do you want to zap? [qzA or ?*]
 Nothing happens.
 What do you want to zap? [qzA or ?*]
 Nothing happens.
 What do you want to zap? [qzA or ?*]
 Nothing happens.
 What do you want to zap? [qzA or ?*]
 Nothing happens.
 What do you want to zap? [qzA or ?*]
 Nothing happens.
 What do you want to zap? [qzA or ?*]
 Nothing happens.
 What do you want to zap? [qzA or ?*]
 Nothing happens.
 What do you want to zap? [qzA or ?*]
 That is a silly thing to zap.
 With great effort you move the boulder.
 The boulder suddenly rolls away from you!
 You hear a boulder fall.
 Heliodore drops a tripe ration.
 You see here a tripe ration.
 Z - a tripe ration (2 in total).
 What do you want to zap? [qzA or ?*]
 You wrest one last charge from the worn-out wand.
 In what direction?
 Heliodore turns into a large kobold!
 The wand of polymorph turns to dust.
 With great effort you move the boulder.
 The boulder suddenly rolls away from you!
 You hear a boulder fall.
 Pick a monster, object or location.
 ^        a trap (rolling boulder trap)
 With great effort you move the boulder.
 The mumak butts!
 The mumak bites!
 The boulder suddenly rolls away from you!
 You hear a boulder fall.
 You feel more confident in your fighting skills.
 You hit the mumak!
 The mumak butts!
 The mumak bites!
 You die...
 Do you want your possessions identified? [ynq] (y)
 Do you want to see your attributes? [ynq] (y)

Inventory:
 Coins    ('$')
  $ - 97 gold pieces
 Amulets  ('"')
  H - a cursed amulet of change
 Armor    ('[')
  a - an uncursed +2 pair of leather gloves (being worn)
  u - an uncursed +0 pair of high boots (being worn)
  v - an uncursed +0 cloak of displacement
  G - an uncursed +0 cloak of displacement
  b - an uncursed +1 robe (being worn)
 Comestibles  ('%')
  m - a cursed candy bar labeled "Fruity Oaty"
  y - 2 uncursed cram rations
  e - 4 uncursed food rations
  h - 3 uncursed fortune cookies
  Z - 2 uncursed tripe rations
  K - an uncursed egg
 Scrolls  ('?')
  Q - 5 uncursed scrolls of blank paper
  r - an uncursed scroll of confuse monster
  T - an uncursed scroll of enchant armor
  c - 3 uncursed scrolls of identify
  x - an uncursed scroll of light
  X - an uncursed scroll of magic mapping
 Spellbooks  ('+')
  i - a blessed spellbook of protection
 Potions  ('!')
  C - an uncursed potion of confusion
  D - an uncursed potion of gain ability
  d - 4 uncursed potions of healing
  F - a cursed potion of levitation
  I - an uncursed potion of monster detection
  p - an uncursed potion of speed
  j - an uncursed potion of water
 Rings    ('=')
  V - an uncursed ring of fire resistance (on right hand)
  N - an uncursed ring of levitation
 Wands    ('/')
  A - a wand of locking (0:7)
  q - a wand of make invisible (0:2)
 Tools    ('(')
  Y - an empty uncursed bag of holding
  o - a cursed tooled horn
  J - an uncursed lock pick
  k - an uncursed skeleton key
  w - an uncursed tin whistle
 Gems/Stones  ('*')
  t - an uncursed garnet stone
  l - an uncursed worthless piece of black glass
  L - an uncursed worthless piece of orange glass
  E - an uncursed worthless piece of yellow glass

GdeVolpiano the Monk's attributes:

Background:
 You were an Initiate, a level 6 female human Monk.
 You were neutral, on a mission for Chih Sung-tzu
 who was opposed by Shan Lai Ching (lawful) and Huan Ti (chaotic).
 You were right-handed.
 You were in Sokoban, on level 7.
 You entered the dungeon 2674 turns ago.
 There was a full moon in effect when your adventure ended.
 You had 395 experience points, 245 more were needed to attain level 7.

Basics:
 You had 0 out of 44 hit points.
 You had all 35 energy points (spell power).
 Your armor class was 2.
 Your wallet contained 97 zorkmids.
 Autopickup was on for '$?!/="+' plus thrown, with exceptions.

Final Characteristics:
 Your strength was 16 (limit:18/100).
 Your dexterity was 16 (limit:18).
 Your constitution was 12 (limit:18).
 Your intelligence was 9 (limit:18).
 Your wisdom was 14 (limit:18).
 Your charisma was 10 (limit:18).

Final Status:
 You were hungry.
 You were unencumbered.
 You were empty handed.
 You had basic skill with martial arts and could have enhanced that.

Final Attributes:
 You were piously aligned.
 You were fire resistant.
 Your items were protected from fire.
 You were sleep resistant.
 You were poison resistant.
 You saw invisible.
 You were stealthy.
 You were guarded.
 Your spell casting was enhanced by wearing a robe.
 You were fast.
 You were lucky.
 You are dead.

Miscellaneous:
 You didn't encounter any bones levels.
 Total elapsed playing time was 27 minutes and 50 seconds.

Major events:
 Turn
    1: GdeVolpiano the neutral female human Monk entered the dungeon
  898: attained the rank of Novice (level 3)
 1341: entered the Gnomish Mines
 2068: attained the rank of Initiate (level 6)
 2271: entered Sokoban
 2674: killed by a mumak

Spells:
 Name                 Level Category     Fail Retention
 protection             1   clerical       0%  76%-100%

Skills:
 Fighting Skills
   martial arts       [Basic]
 Weapon Skills
   quarterstaff       [Unskilled]
   spear              [Unskilled]
   crossbow           [Unskilled]
   shuriken           [Unskilled]
 Spellcasting Skills
   attack spells      [Unskilled]
   healing spells     [Basic]
   divination spells  [Unskilled]
   enchantment spells [Unskilled]
   clerical spells    [Unskilled]
   escape spells      [Unskilled]
   matter spells      [Unskilled]

Voluntary challenges:
 Character rerolling was not enabled.
 You never hit with a wielded weapon.
 You never genocided any monsters.
 You never polymorphed an object.
 You never changed form.
 You used no wishes.
 You did not violate any of the special Sokoban rules.
Achievements:
 You entered a shop.
 You attained the rank of Novice.
 You entered the Gnomish Mines.
 You attained the rank of Initiate.
 You entered Sokoban.

 The Dungeons of Doom: levels 1 to 9
    Level 1:
       A fountain.
    Level 2:
       An armor shop, a sink.
    Level 3:
       A fountain.
    Level 4:
       A fountain.
       Stairs down to The Gnomish Mines.
    Level 5:
    Level 6: "vault"
       A fountain.
    Level 7:
       Many fountains.
       Oracle of Delphi.
    Level 8:
       A grave.
       Stairs up to Sokoban, level 7.
    Level 9:
 The Gnomish Mines:
    Level 5:
 Sokoban:
    Level 7: <- You were here.
       Unsolved.
       Final resting place for
          you, killed by a mumak.
 The Tutorial:
    Level 1:


Vanquished creatures:
  a leprechaun
  a giant spider
  a dwarf mummy
  a bugbear
 an imp
  a fog cloud
  2 gray oozes
  a paper golem
  2 giant ants
  a little dog
  a kitten
  2 homunculi
  a rothe
  a giant bat
  a monkey
  2 orc zombies
  a wererat
 an iguana
 an acid blob
  a hobbit
 10 manes
  a giant rat
  a cave spider
  a green mold
  2 garter snakes
  a gnome zombie
  a gecko
  a jackal
  2 foxes
  3 goblins
  a sewer rat
  8 grid bugs
  2 lichens
  a kobold zombie
  5 newts
64 creatures vanquished.

No species were genocided or became extinct.

Game over:
                       ----------
                      /          \
                     /    REST    \
                    /      IN      \
                   /     PEACE      \
                  /                  \
                  |   GdeVolpiano    |
                  |      97 Au       |
                  |   killed by a    |
                  |      mumak       |
                  |                  |
                  |                  |
                  |       2026       |
                 *|     *  *  *      | *
        _________)/\\_//(\/(/\)/\//\/|_)_______

Goodbye GdeVolpiano the Monk...

You died in Sokoban on dungeon level 7 with 2068 points,
and 97 pieces of gold, after 2674 moves.
You were level 6 with a maximum of 44 hit points when you died.

